 Dungeon Crawl Stone Soup version 0.22-a0-99-g1ac4c55 (console) character file.

2 yesno the Conjurer (level 1, -1/10 HPs)
             Began as a Kobold Conjurer on Jan 26, 2018.
             Slain by a leopard gecko (3 damage)
             ... on level 1 of the Dungeon.
             The game lasted 00:01:36 (148 turns).

yesno the Conjurer (Kobold Conjurer)                 Turns: 148, Time: 00:01:37

Health: -1/10      AC:  2    Str:  5    XL:     1   Next: 44%
Magic:  0/3        EV: 15    Int: 16    God:
Gold:   13         SH:  0    Dex: 15    Spells: 3/4 levels left

rFire    . . .     SeeInvis .   (weapon restricted)
rCold    . . .     Gourm    .   (shield restricted)
rNeg     . . .     Faith    .   a - +0 robe
rPois    .         Spirit   .   (no helmet)
rElec    .         Reflect  .   (no cloak)
rCorr    .         Harm     .   (no gloves)
MR       .....                  (no boots)
Stlth    ++........             (no amulet)
HPRegen  0.03/turn              (no ring)
MPRegen  0.08/turn              (no ring)

@: no status effects
A: small, carnivore
a: no special abilities


You were on level 1 of the Dungeon.
You were not hungry.

You visited 1 branch of the dungeon, and saw 1 of its levels.

You collected 13 gold pieces.

Inventory:

Armour
 a - a +0 robe (worn)
Scrolls
 d - 2 scrolls of teleportation {unknown}
 f - a scroll of remove curse {unknown}
Potions
 e - a potion of curing {unknown}
Books
 b - a book of Conjurations

   Spells                             Type                      Level
   a - Magic Dart                     Conjuration                  1
   b - Searing Ray                    Conjuration                  2
   c - Dazzling Spray                 Conjuration/Hexes            3
   d - Fulminant Prism                Conjuration/Hexes            4
   e - Force Lance                    Conjuration/Translocation    4
   f - Iskenderun's Mystic Blast      Conjuration                  4
Comestibles
 c - a ration


   Skills:
 + Level 2.5 Dodging
 + Level 2.8 Stealth
 + Level 2.2 Spellcasting
 + Level 4.0 Conjurations


You had 3 spell levels left.
You knew the following spells:

 Your Spells              Type           Power        Failure   Level  Hunger
a - Magic Dart            Conj           ##..         3%          1    #......


Dungeon Overview and Level Annotations

Branches:
Dungeon (1/15)

Altars:


Innate Abilities, Weirdness & Mutations

You are small and have problems with some larger weapons.
You are carnivorous and can eat meat at any time.


Message History

Aim: a leopard gecko (lightly wounded, clinging)
The magic dart hits the leopard gecko.
The leopard gecko is lightly wounded.
The leopard gecko bites you.
* * * LOW HITPOINT WARNING * * *
The leopard gecko barely misses you.
You take 1 damage, and have 3/10 hp.
You now have 1/3 mp.
Casting: Magic Dart
Confirm with . or Enter, or press ? or * to list all spells.
Aiming: Magic Dart
Press: ? - help, Shift-Dir - straight line, f/p - leopard gecko
Aim: a leopard gecko (lightly wounded, clinging)
The magic dart hits the leopard gecko.
The leopard gecko is severely wounded.
The leopard gecko bites you.
* * * LOW HITPOINT WARNING * * *
You take 1 damage, and have 2/10 hp.
You now have 0/3 mp.
The leopard gecko hisses menacingly.
The leopard gecko bites you.
You die...

▒▒▒ ▒▒▒▒▒▒▒▒▒▒·▒
·······†···▒ ▒▒ ▒▒▒▒▒▒▒▒▒▒π▒
·▒ ▒·▒ ·▒ ▒·▒ ·▒ ▒▒▒▒▒·▒ ·▒
▒·@·▒·▒ ·▒
▒▒▒▒▒▒▒▒▒▒▒▒·▒l▒·▒ ·▒
▒··········▒%▒·▒·▒▒
·▒▒▒··········▒······▒
··················π··▒
·▒▒▒▒·▒▒▒▒▒▒▒········▒
▒▒▒▒▒·▒▒▒▒▒ ▒········▒
····························
········▒▒▒▒············▒▒▒▒


You could see a leopard gecko.

Vanquished Creatures
  A hobgoblin (D:1)
  A bat (D:1)
  A kobold (D:1)
3 creatures vanquished.

Notes
Turn   | Place    | Note
-------+----------+-------------------------------------------
     0 | D:1      | yesno the Kobold Conjurer began the quest for the Orb.
     0 | D:1      | Reached XP level 1. HP: 10/10 MP: 3/3
   148 | D:1      | Slain by a leopard gecko

Vault maps used:
D:1:      lightli_arrival_chessboard

Action                   || total
-------------------------++-------
Melee: Unarmed           ||     3
 Cast: Magic Dart        ||     9
  Eat: Chunk             ||     1
Armor: Robe              ||     1
Dodge: Dodged            ||     7

Table legend:
 A = Spawn XP
 B = Non-spawn XP
 C = Spawn XP percentage of total XP
 D = Spawn monster count
 E = Non-spawn monster count
 F = Spawn count percentage of total count
 G = Total turns spent on level
                    A         B        C        D         E        F      G
               +---------+---------+-------+---------+---------+-------+---------
         Total |       0 |       4 |   0.0 |       0 |       3 |   0.0 |   148
               +---------+---------+-------+---------+---------+-------+---------
           D:1 |       0 |       4 |   0.0 |       0 |       3 |   0.0 |   148
               +---------+---------+-------+---------+---------+-------+---------
